 Dungeon Crawl Stone Soup version 0.22-a0-305-gd21a89c (webtiles) character file.

622 xccam the Chopper (level 7, 0/52 HPs)
             Began as a Formicid Fighter on Mar 30, 2018.
             Was a Follower of Cheibriados.
             Slain by Edmund
             ... wielding a +2 flail of draining
              (2 damage)
             ... on level 4 of the Dungeon.
             The game lasted 00:05:28 (3480 turns).

xccam the Chopper (Formicid Fighter)                Turns: 3480, Time: 00:05:28

Health: 0/52       AC:  6    Str: 30    XL:     7   Next: 75%
Magic:  4/7        EV:  9    Int: 11    God:    Cheibriados [*.....]
Gold:   216        SH: 11    Dex: 13    Spells: 6/6 levels left

rFire    . . .     SeeInvis +   a - +0 war axe
rCold    + . .     Gourm    .   c - +0 shield
rNeg     . . .     Faith    .   s - +1 ring mail {rC+}
rPois    .         Spirit   .   (helmet unavailable)
rElec    .         Reflect  .   (no cloak)
rCorr    .         Harm     .   (no gloves)
MR       .....                  (no boots)
Stlth    +.........             (no amulet)
HPRegen  0.17/turn              (no ring)
MPRegen  0.10/turn              (no ring)

@: mighty, drained, very slow
A: permanent stasis, dig shafts and tunnels, four strong arms, antennae 3
a: Dig, Shaft Self, Bend Time, Renounce Religion


You were on level 4 of the Dungeon.
You worshipped Cheibriados.
Cheibriados was aware of your devotion.
You were hungry.

You visited 1 branch of the dungeon, and saw 4 of its levels.

You collected 216 gold pieces.

Inventory:

Hand Weapons
 a - a +0 war axe (weapon)
Armour
 c - a +0 shield (worn)
 s - a +1 ring mail of cold resistance (worn)
Jewellery
 g - an uncursed amulet of faith {unknown}
Scrolls
 b - 2 scrolls of identify
 e - a scroll of noise {unknown}
 h - 3 scrolls of enchant armour {unknown}
 k - a scroll of blinking {unknown}
 m - a scroll of remove curse {unknown}
 n - a scroll of enchant weapon {unknown}
 o - a scroll of random uselessness {unknown}
Potions
 i - a potion of cancellation
 q - a potion of brilliance
Comestibles
 f - 3 rations


   Skills:
 - Level 3.2(2.7) Fighting
 * Level 6.7(6.1) Axes
 - Level 3.2(2.7) Armour
 + Level 6.4(5.9) Shields


You had 6 spell levels left.
You didn't know any spells.

Dungeon Overview and Level Annotations

Branches:
Dungeon (4/15)
 Temple: D:4-7

Altars:
Ashenzari
Cheibriados
Makhleb
Uskayaw
Vehumet
Xom

Annotations:
D:4 Edmund


Innate Abilities, Weirdness & Mutations

You cannot be hasted, slowed, berserked, paralysed or teleported.
You can dig through walls and to a lower floor.
Your four strong arms can wield two-handed weapons with a shield.
You have a pair of large antennae on your head. (SInv)


Message History

You slash Edmund!
Edmund hits you with a flail of draining.
* * * LOW HITPOINT WARNING * * *
You feel drained.
* * * LOW HITPOINT WARNING * * *
The gnoll closely misses you. You block the orc priest's attack.
You barely miss the orc priest.
The orc priest is almost dead.
You barely miss Edmund.
Edmund says, "People think my brother is the best.
I think he's crazy."
Edmund barely misses you. You block the gnoll's attack.
The orc priest begins to cast a cantrip, but forgets the words!
Unknown command.
You closely miss the orc priest.
The orc priest is almost dead.
You slash Edmund! The gnoll closely misses you.
Edmund hits you with a flail of draining.
* * * LOW HITPOINT WARNING * * *
You feel drained.
You die...

### #.. # ###.## .. ## #.
#....# #.#
.##.!...#.######....###..###
..g...........##..).#......#
##..g.......g)).#....#......#
#.g.........)o@......#......
#....g.$....†@).[...........
#...................(..##.##
#......(.?.......###....#.###
#..<...>.........#
##[..#...###
#..$.............#
##.........
##..............## ###......#
.......##..?..## ##..†..#
....#######...# ###..<#


You could see Edmund, an orc priest and a gnoll.

Vanquished Creatures
  Grinder (D:3)
  A jelly (D:4)
  An orc wizard (D:3)
  An orc priest (D:3)
  A gnoll shaman (D:4)
  An iguana (D:4)
  Natasha (thrice) (D:3)
  A worker ant (D:4)
  Ijyb (D:4)
  4 gnolls (D:4)
  4 adders
  A worm (D:3)
  A dart slug (D:1)
  A leopard gecko (D:4)
  10 orcs
  2 ball pythons
  9 bats
  6 giant cockroaches
  7 goblins
  4 hobgoblins
  8 kobolds
  3 quokkas
  4 frilled lizards
  7 rats
82 creatures vanquished.

Notes
Turn   | Place    | Note
-------+----------+-------------------------------------------
     0 | D:1      | xccam the Formicid Fighter began the quest for the Orb.
     0 | D:1      | Reached XP level 1. HP: 18/18 MP: 1/1
    42 | D:1      | Reached XP level 2. HP: 24/24 MP: 2/2
   342 | D:1      | Reached XP level 3. HP: 26/29 MP: 3/3
   954 | D:2      | Found a shattered altar of Ashenzari.
  1258 | D:2      | Found a snail-covered altar of Cheibriados.
  1266 | D:2      | Became a worshipper of Cheibriados the Contemplative
  1403 | D:3      | Noticed Natasha
  1417 | D:3      | Killed Natasha
  1417 | D:3      | Reached XP level 4. HP: 10/35 MP: 4/4
  1609 | D:3      | Noticed Natasha
  1617 | D:3      | Killed Natasha
  1757 | D:3      | Noticed Natasha
  1765 | D:3      | Killed Natasha
  1765 | D:3      | Reached XP level 5. HP: 5/41 MP: 5/5
  2128 | D:3      | Found a shimmering altar of Xom.
  2129 | D:3      | Found a radiant altar of Vehumet.
  2129 | D:3      | Found a burning altar of Makhleb.
  2130 | D:3      | Found a hide-covered altar of Uskayaw.
  2142 | D:3      | Reached skill level 5 in Shields
  2374 | D:3      | Noticed Grinder
  2391 | D:3      | Killed Grinder
  2391 | D:3      | Reached skill level 5 in Axes
  2391 | D:3      | Reached XP level 6. HP: 8/47 MP: 6/6
  2391 | D:3      | Reached XP level 7. HP: 9/52 MP: 7/7
  2757 | D:3      | Reached * piety under Cheibriados
  3382 | D:4      | Noticed Ijyb
  3473 | D:4      | Noticed Edmund
  3474 | D:4      | Killed Ijyb
  3480 | D:4      | HP: 2/52 [Edmund/flail of draining (5)]
  3480 | D:4      | Slain by Edmund

Vault maps used:
D:1:      eino_arrival_druids_welcome
D:2:      lemuel_coloured_pillars_altar, nicolae_ashenzari_panopticon
D:3:      chequers_temple_overflow_statue_of_worship, uniq_grinder, uniq_natasha
D:4:      minmay_temple_entry_poolview, uniq_ijyb, uniq_edmund

Skill      XL: |  1  2  3  4  5  6  7 |
---------------+----------------------+-----
Shields        | 4 5 6 |  6.4
Axes           | 3 4 5 6 |  6.7
Fighting       | |  3.2
Armour         | |  3.2

Action                   |  1- 3 |  4- 6 |  7- 9 || total
-------------------------+-------+-------+-------++-------
Melee: War axe           |   111 |    43 |    69 ||   223
Invok: Bend Time         |       |       |     1 ||     1
  Use: Potion            |     1 |       |     3 ||     4
       Scroll            |       |       |     5 ||     5
  Eat: Chunk             |     1 |     4 |     2 ||     7
Armor: Scale mail        |    42 |    11 |     7 ||    60
       Ring mail         |       |       |    14 ||    14
Dodge: Dodged            |    31 |    17 |    35 ||    83
Block: Shield            |    52 |    17 |    43 ||   112

Table legend:
 A = Spawn XP
 B = Non-spawn XP
 C = Spawn XP percentage of total XP
 D = Spawn monster count
 E = Non-spawn monster count
 F = Spawn count percentage of total count
 G = Total turns spent on level
                    A         B        C        D         E        F      G
               +---------+---------+-------+---------+---------+-------+---------
         Total |       0 |     889 |   0.0 |       0 |      82 |   0.0 |  3480
               +---------+---------+-------+---------+---------+-------+---------
           D:1 |       0 |      29 |   0.0 |       0 |      19 |   0.0 |   510
           D:2 |       0 |      34 |   0.0 |       0 |      14 |   0.0 |   885
           D:3 |       0 |     534 |   0.0 |       0 |      29 |   0.0 |  2021
           D:4 |       0 |     292 |   0.0 |       0 |      20 |   0.0 |    64
               +---------+---------+-------+---------+---------+-------+---------
